Map: Battle on the Boardwalk LE

Players

Erfeyah

  • Race: Terran Terran
  • Spawn Location: 11:00

A.I. 1 (Medium) - Winner!

  • Race: Zerg Zerg
  • Spawn Location: 1:00

VOD

Have the link to the VOD?

Description

Time

  • Played on: Nov. 25, 2017, 5:39 p.m.
  • Length: 7:51
Show
View Real Time Build Order
Export as new Build Order

Erfeyah Terran 

Build Orders:  

Get SALT Encoding   

  12  0:46  SCV  
  13  1:14  Supply Depot  
  13  1:23  SCV  
  14  1:35  SCV  
  15  1:47  SCV  
  16  2:08  Barracks  
  16  3:19  Refinery  
  16  3:43  Supply Depot  
  16  4:14  SCV  
  17  4:25  Marine  
  17  4:26  SCV  
  19  4:39  SCV  
  19  4:43  Marine  
  21  4:51  SCV  
  22  5:01  Marine  
  22  5:03  SCV  
  24  5:08  Supply Depot  
  24  5:18  Marine  
  24  5:19  SCV  
  26  5:32  Supply Depot  
  26  5:36  Marine  
  27  6:04  SCV  
  27  6:05  Marine  
  29  6:16  SCV  
  30  6:23  Marine  
  31  6:40  Marine  
  32  6:51  SCV  
  33  6:58  Marine  
  34  7:16  Marine  
  34  7:20  SCV  
  27  7:32  SCV  
Show
View Real Time Build Order
Export as new Build Order

A.I. 1 (Medium) Zerg - Winner!

Build Orders: Pool First 

Get SALT Encoding   

  12  0:00  Drone  
  13  0:12  Overlord  
  13  0:16  Drone  
  14  0:30  Drone  
  14  0:33  Drone  
  16  0:44  Spawning Pool  
  16  0:45  Drone  
  16  0:50  Drone  
  16  0:52  Extractor  
  16  0:55  Drone  
  17  1:06  Overlord  
  17  1:31  Zergling x2, Queen  
  20  1:38  Drone, Roach Warren  
  20  1:44  Extractor  
  19  1:47  Zergling x2  
  19  1:49  Drone  
  21  2:00  Drone  
  22  2:11  Lair  
  22  2:18  Roach  
  24  2:31  Overlord  
  24  2:33  Roach  
  26  2:49  Roach  
  28  2:53  Overlord  
  28  3:05  Roach  
  30  3:21  Roach  
  30  3:23  Drone  
  33  3:27  Drone  
  34  3:39  Hydralisk Den  
  34  3:40  Drone  
  34  3:49  Overlord  
  34  3:53  Drone  
  35  3:57  Drone  
  35  4:01  Drone  
  37  4:05  Drone  
  37  4:08  Hydralisk  
  40  4:15  Baneling Nest  
  40  4:17  Drone  
  40  4:23  Hydralisk  
  40  4:25  Evolution Chamber  
  40  4:26  Drone  
  42  4:39  Hydralisk  
  44  6:36  Overseer, Drone, Roach, Overlord  
  44  6:37  Overseer, Queen, Overlord  
  44  6:38  Spore Crawler  
  44  6:39  Drone, Spore Crawler  
  48  6:41  Infestation Pit  
  48  6:42  Drone, Spire  
  48  6:43  Hatchery  
  48  6:45  Drone  
  48  6:46  Evolution Chamber  
  46  6:48  Hydralisk, Drone  
  46  6:50  Drone  
  46  6:53  Drone  
  51  7:04  Spine Crawler  
  51  7:05  Drone  
  51  7:06  Spine Crawler  
  51  7:08  Drone  
  51  7:14  Zergling x2  
  46  7:27  Roach  
Tags
 
Add a new tag
Caveats
  • Supply blocks, unpowered buildings, or Contaminate may cause inaccurate times.
  • Supply counts are checked every 10 seconds.